Map: Dasan Station LE

Players

Gracz - Winner!

  • Race: Terran Terran
  • League: Silver

prosprobes

  • Race: Protoss Protoss
  • League: Bronze

VOD

Have the link to the VOD?

Description

Time

  • Played on: Sept. 24, 2016, 9:56 a.m.
  • Length: 2:54
Show
View Real Time Build Order
Export as new Build Order

Gracz Terran - Winner!

Build Orders:  

Get SALT Encoding   

  12  0:01  SCV  
  13  0:15  Supply Depot  
  13  0:18  SCV  
  14  0:37  Barracks  
  14  0:40  Supply Depot  
  14  0:44  SCV  
  15  1:02  Supply Depot  
  15  1:39  Marine  
  16  2:27  Command Center  
Show
View Real Time Build Order
Export as new Build Order

prosprobes Protoss 

Build Orders: Double Forge 

Get SALT Encoding   

  12  0:12  Pylon  
  12  0:30  Forge  
  12  0:38  Forge  
  12  0:41  Probe (Chrono Boost)  
  13  0:46  Pylon  
  13  0:52  Pylon  
  13  1:14  Pylon  
  13  1:22  Pylon  
  13  1:40  Pylon  
  13  1:55  Pylon  
Tags
 
Add a new tag
Caveats
  • Supply blocks, unpowered buildings, or Contaminate may cause inaccurate times.
  • Supply counts are checked every 10 seconds.